 Dungeon Crawl Stone Soup version 0.28.0-1-gb440e238dd (webtiles) character file.

Game seed: 17196235670636031584

126 boopmooplesden the Covered (level 4, 0/40 HPs)
             Began as a Minotaur Fighter on Feb 23, 2022.
             Slain by a gnoll (4 damage)
             ... on level 3 of the Dungeon.
             The game lasted 00:03:16 (2483 turns).

boopmooplesden the Covered (Minotaur Fighter)       Turns: 2483, Time: 00:03:17

Health: 0/40       AC: 12    Str: 23    XL:     4   Next: 84%
Magic:  3/3        EV:  6    Int:  5    God:
Gold:   46         SH:  4    Dex:  9    Spells: 3/3 levels left

rFire   . . .      SeeInvis .   a - +0 trident
rCold   . . .      Faith    .   c - +0 buckler
rNeg    . . .      Spirit   .   i - +0 plate armour
rPois   .          Reflect  .   (helmet restricted)
rElec   .          Harm     .   (no cloak)
rCorr   .          Rampage  .   (no gloves)
Will    .....                   (no boots)
Stlth   ..........              (no amulet)
HPRegen 0.13/turn               (no ring)
MPRegen 0.08/turn               (no ring)

@: no status effects
A: horns 2, retaliatory headbutt
a: no special abilities


You were on level 3 of the Dungeon.
You visited 1 branch of the dungeon, and saw 3 of its levels.

You collected 46 gold pieces.

Inventory:

Hand Weapons
 a - a +0 trident (weapon)
Missiles
 j - 13 sling bullets
Armour
 b - a +0 scale mail
 c - a +0 buckler (worn)
 i - a +0 plate armour (worn)
 k - a +0 chain mail
Magical Staves
 f - a staff of cold
Jewellery
 g - a +4 ring of slaying
Scrolls
 e - 2 scrolls of teleportation {unknown}
 h - 4 scrolls of enchant weapon {unknown}
 l - a scroll of fear {unknown}
Potions
 d - a potion of might


   Skills:
 + Level 4.1 Fighting
 + Level 4.2 Polearms
 + Level 4.6 Armour
 + Level 0.4 Dodging
 + Level 4.4 Shields


You had 3 spell levels left.
You didn't know any spells.
Your spell library contained the following spells:

 Spells                   Type           Power      Damage    Failure   Level
 Animate Skeleton         Necr           0%         N/A       100%        1
 Pain                     Necr           0%         1d4       100%        1
 Ozocubu's Armour         Ice            0%         N/A       100%        3
 Vampiric Draining        Necr           0%         2d6       100%        3
 Petrify                  Tmut/Erth      0%         N/A       100%        4
 Metabolic Englaciation   Hex/Ice        0%         N/A       100%        5
 Simulacrum               Ice/Necr       0%         N/A       100%        6
 Statue Form              Tmut/Erth      0%         N/A       100%        6


Dungeon Overview and Level Annotations

Branches:
Dungeon (3/15)

Altars:

Shops:
D:1 [   D:2 =

Annotations:
D:3 Robin


Innate Abilities, Weirdness & Mutations

You have a pair of horns on your head.
You reflexively headbutt those who attack you in melee.


Message History

Robin throws the goblin at you! The goblin closely misses you.
You hit the goblin but do no damage. You headbutt the goblin.
You kill the goblin!
The gnoll hits you with a +0 flail.
A gnoll comes into view. It is wielding a +0 spear.
There is an open door here.
You see here a +0 club.
Robin roars a battlecry!
The hobgoblin goes into a battle-frenzy!
You hear a shout! x2
You puncture the gnoll!
The gnoll is severely wounded.
Robin roars a battlecry!
The gnoll hits you with a +0 flail.
You hear a shout!
You hit the gnoll.
The gnoll is almost dead.
The gnoll hits you with a +0 flail.
Robin points. "Kill!"
You puncture the gnoll!
You kill the gnoll!
Robin zaps a wand.
The puff of flame hits you but does no damage.
The gnoll hits you from afar with a +0 halberd!
Robin hits you but does no damage.
Things that are here:
a +0 flail; a gnoll corpse You barely miss Robin.
The goblin shouts!
A goblin comes into view. It is wielding a +0 dagger.
The gnoll hits you but does no damage.
The gnoll hits you from afar with a +0 spear.
Robin hits you but does no damage.
You completely miss Robin. You block the gnoll's attack.
The gnoll barely misses you. You block Robin's attack.
You barely miss Robin.
The gnoll hits you from afar with a +0 halberd!
* * * LOW HITPOINT WARNING * * *
The gnoll hits you from afar with a +0 spear.
You die... .. ................. # #. g.#######'####### #..g ..# #.# #.#. #.# #####.##### gg#.#.. #.# #...+.'...# gggg.gg##.#

#.###.###.# #g#.#
#.# #.#
##gg###'###.###+###
#.#gg@............+
#.##.###'###.###+###
..# #.# #.# #.# #.#
#.# #.# #.# #.. ..#
#.. +.+ #. ..# ###
#.# # #..# #.# #..
#+#


You could see Robin, 2 gnolls, a hobgoblin (strong) and 3 goblins.

Vanquished Creatures
  Natasha (twice) (D:3)
  A gnoll (D:3)
  A worm (D:3)
  A dart slug (D:1)
  5 ball pythons
  6 endoplasms
  3 giant cockroaches
  2 goblins
  5 hobgoblins
  3 jackals (D:1)
  10 kobolds
  2 quokkas
  7 bats
  4 frilled lizards
  7 rats
59 creatures vanquished.

Vanquished Creatures (others)
  6 plants (D:2)
6 creatures vanquished.

Grand Total: 65 creatures vanquished

Notes
Turn   | Place    | Note
-------+----------+-------------------------------------------
     0 | D:1      | boopmooplesden the Minotaur Fighter began the quest for the
                  | Orb.
     0 | D:1      | Reached XP level 1. HP: 19/19 MP: 0/0
   212 | D:1      | Reached XP level 2. HP: 27/27 MP: 1/1
   777 | D:1      | Reached XP level 3. HP: 33/33 MP: 2/2
  1223 | D:1      | Found Orhafret's Armour Emporium.
  1261 | D:2      | Found Asitt's Jewellery Emporium.
  2231 | D:3      | Noticed Natasha
  2236 | D:3      | Killed Natasha
  2237 | D:3      | Reached XP level 4. HP: 33/40 MP: 3/3
  2296 | D:3      | Noticed Natasha
  2306 | D:3      | Killed Natasha
  2470 | D:3      | Noticed Robin
  2483 | D:3      | Slain by a gnoll

Illustrated notes

Levels and vault maps discovered:
D:1:      arrival_zaba_pyramid, layout_loops_corners, serial_shops,
          nicolae_shop_behind_doors, chequers_serial_rivers_room_b,
          chequers_arboretum, minmay_misc_feat_hallway, minmay_pentomino_q2
D:2:      layout_loops_ring, serial_shops, shop, minivault_4,
          lexackson_kobold_supper
D:3:      layout_loops_cross, nicolae_wu_jian_wuxing_cycle, minmay_door_square,
          uniq_terence, uniq_grinder, uniq_natasha, uniq_sigmund, uniq_robin

Skill      XL: |  1  2  3  4 |
---------------+-------------+-----
Shields        | 4 |  4.4
Fighting       | 4 |  4.1
Armour         | 4 |  4.6
Polearms       | 3 4 |  4.2
Dodging        | |  0.4

Action                   |  1- 3 |  4- 6 || total
-------------------------+-------+-------++-------
Melee: Trident           |    85 |    28 ||   113
       Headbutt          |    14 |     7 ||    21
Armor: Scale mail        |    23 |       ||    23
       Plate armour      |    23 |    13 ||    36
Dodge: Dodged            |    30 |    11 ||    41
Block: Buckler           |    24 |     7 ||    31
